 Dungeon Crawl Stone Soup version 0.31-a0-204-g7da18cac08 (webtiles) character file.

Game seed: 7213999861856232507

592 qw the Skirmisher (level 7, -2/35 (40) HPs)
             Began as a Deep Elf Hunter on June 27, 2023.
             Slain by a wight
             ... wielding a +3 scimitar
              (4 damage)
             ... on level 5 of the Dungeon.
             The game lasted 00:01:31 (3656 turns).

qw the Skirmisher (Deep Elf Hunter)                 Turns: 3656, Time: 00:01:32

HP:   -2/35 (40)    AC:  6    Str: 10      XL:     7   Next: 16%
MP:   0/9           EV: 11    Int: 11 (14) God:
Gold: 56            SH:  0    Dex: 15 (18) Spells: 6/6 levels left

rFire   . . .        Y - +0 shortbow
rCold   . . .        (shield currently unavailable)
rNeg    . . .        g - +0 ring mail
rPois   .            a - +0 helmet
rElec   .            (no cloak)
rCorr   .            (no gloves)
SInv    .            (no boots)
Will    +....        c - amulet of guardian spirit
Stlth   +            e - ring of willpower
HPRegen 0.25/turn    (no ring)
MPRegen 0.11/turn

%: guardian spirit
@: heavily drained
A: no striking features
a: no special abilities


You were on level 5 of the Dungeon.
You visited 1 branch of the dungeon, and saw 5 of its levels.
You also visited: Sewer.

You collected 256 gold pieces.
You spent 200 gold pieces at shops.


   Skills:
 - Level 2.6 Fighting
 + Level 10.5 Ranged Weapons
 - Level 1.2 Armour
 - Level 2.4 Dodging
 - Level 1.2 Stealth


You had 6 spell levels left.
You didn't know any spells.
Your spell library was empty.

Inventory:

Hand Weapons
 Y - a +0 shortbow (weapon)
Armour
 a - a +0 helmet (worn)
 g - a +0 ring mail (worn)
Jewellery
 c - an amulet of guardian spirit (around neck)
 e - a ring of willpower (left hand)
Potions
 b - a potion of curing
 d - a potion of cancellation
 i - a potion of enlightenment {unknown}
 k - a potion of haste {unknown}
 m - a potion of mutation {unknown}
 n - a potion of invisibility {unknown}

Dungeon Overview and Level Annotations

Branches:
Dungeon (5/15)              Sewer (visited)
 Temple: D:4-7

Altars:

Shops:
D:4 :[[*


Message History

The wight closely misses you.
You shoot an arrow.
The arrow hits the wight but does no damage.
The wight is almost destroyed.
The wight hits you with a +0 falchion.
You feel drained.
You shoot an arrow.
The arrow hits the wight but does no damage.
The wight is almost destroyed.
The wight hits you with a +0 falchion.
You feel drained.
You shoot an arrow. The arrow hits the wight.
You destroy the wight!
You feel your strength returning.
Your life force feels restored.
You start resting.
Magic restored.
You start resting.
HP restored.
Things that are here:
a +0 falchion; a +0 robe 2 wights come into view.
Things that are here:
a +0 hand axe; a +0 robe You shoot an arrow.
The arrow barely misses the wight.
You shoot an arrow. The arrow hits the wight.
The wight is lightly damaged.
You shoot an arrow. The arrow closely misses the wight.
The wight closely misses you.
You shoot an arrow. The arrow hits the wight.
The wight is lightly damaged.
The wight hits you with a +4 long sword!
You feel drained.
You shoot an arrow. The arrow closely misses the wight.
The wight hits you with a +4 long sword.
You feel drained. The wight closely misses you.
You shoot an arrow. The arrow hits the wight.
The wight is heavily damaged.
The wight hits you with a +4 long sword!
The wight hits you with a +3 scimitar.
The wight hits you with a +4 long sword.
The wight hits you with a +3 scimitar!
You feel drained.
You die...

#... #... ##... ###....
....... ....... ########
......z######......#####
......z@)...............
###.#########......#####
########


You could see 2 wights.

Vanquished Creatures
  Eustachio (D:4)
  Pargi (Sewer)
  An ogre (D:4)
  2 wights (D:5)
  An iguana (D:3)
  7 adders
  5 orcs
  7 bats
  6 endoplasms
  5 giant cockroaches
  6 goblins
  8 hobgoblins
  4 jackals (D:1)
  5 quokkas
  9 ball pythons
  A frilled lizard (D:1)
  11 kobolds
  4 rats
84 creatures vanquished.

Notes
Turn   | Place    | Note
-------+----------+-------------------------------------------
     0 | D:1      | qw the Deep Elf Hunter began the quest for the Orb.
     0 | D:1      | Reached XP level 1. HP: 12/12 MP: 3/3
     0 | D:1      | 0 ||| qw: Version: 0.3-a-22-g0ed2b0b
     0 | D:1      | 0 ||| qw: Game counter: 6400
     0 | D:1      | 0 ||| qw: Melee chars always use a shield: true
     0 | D:1      | 0 ||| qw: God list: Okawaru
     0 | D:1      | 0 ||| qw: Allow faded altars: false
     0 | D:1      | 0 ||| qw: Do Orc after clearing Dungeon:15 true
     0 | D:1      | 0 ||| qw: Do second Lair branch before Depths: true
     0 | D:1      | 0 ||| qw: Lair rune preference: random
     0 | D:1      | 0 ||| qw: Goals: Normal
     0 | D:1      | 0 ||| PLANNING D:1-11
    67 | D:1      | You fall into a shaft and drop 1 floor!
    88 | D:2      | Reached skill level 6 in Ranged Weapons
    88 | D:2      | Reached XP level 2. HP: 16/16 MP: 4/4
    91 | D:2      | 91 ||| READING scroll labelled FIKYZURAMO.
    92 | D:2      | 92 ||| DROPPING scroll of butterflies.
   181 | D:1      | Reached XP level 3. HP: 18/20 MP: 5/5
   290 | D:1      | 290 ||| FLEEEEING.
   293 | D:1      | 293 ||| FLEEEEING.
   294 | D:1      | 294 ||| FLEEEEING.
   295 | D:1      | 295 ||| FLEEEEING.
   353 | D:1      | Noticed an eye of devastation
   355 | D:1      | Found a faded altar of an unknown god.
   358 | D:1      | Noticed a shining eye
   358 | D:1      | Noticed an eye of devastation
   358 | D:1      | Noticed a golden eye
   647 | D:1      | 647 ||| READING scroll labelled BEPPIZ OCSOQ.
   683 | D:1      | 683 ||| READING scroll labelled VUATA CYSM.
   684 | D:1      | 684 ||| READING scroll labelled RICELUS ELAEC.
   685 | D:1      | 685 ||| READING scroll labelled GICINEMIRPH.
   686 | D:1      | 686 ||| READING scroll labelled HEBAYH DINN.
   687 | D:1      | 687 ||| DRINKING 2 sapphire potions.
   688 | D:1      | 688 ||| DROPPING potion of brilliance.
   724 | D:2      | Reached skill level 7 in Ranged Weapons
   788 | D:2      | Reached XP level 4. HP: 25/25 MP: 6/6
  1172 | D:2      | 1172 ||| UPGRADING to +0 ring mail.
  1182 | D:2      | 1182 ||| DROPPING +0 leather armour.
  1183 | D:2      | 1183 ||| DRINKING 2 lumpy coppery potions.
  1225 | D:2      | 1225 ||| DROPPING potion of lignification.
  1827 | D:3      | Reached skill level 8 in Ranged Weapons
  2410 | D:3      | 2410 ||| UPGRADING to ring of willpower.
  2411 | D:3      | 2411 ||| DROPPING ring of flight.
  2412 | D:3      | 2412 ||| READING scroll labelled BESOQU UTUORO.
  2413 | D:3      | 2413 ||| DRINKING 3 clear potions.
  2414 | D:3      | 2414 ||| DRINKING 2 brown potions.
  2470 | D:4      | 2470 ||| PLANNING SEWER
  2472 | D:4      | 2472 ||| STAIRDANCE
  2480 | D:3      | Reached XP level 5. HP: 10/29 MP: 7/7
  2563 | D:4      | 2563 ||| STAIRDANCE
  2601 | D:4      | Found a glowing drain.
  2611 | Sewer    | Entered a sewer
  2646 | Sewer    | Noticed Pargi
  2658 | Sewer    | HP: 6/29 [Pargi (5)]
  2659 | Sewer    | 2659 ||| DRINKING 2 potions of heal wounds.
  2667 | Sewer    | HP: 6/29 [Pargi (5)]
  2667 | Sewer    | HP: 2/29 [Pargi (4)]
  2668 | Sewer    | 2668 ||| DRINKING potion of heal wounds.
  2671 | Sewer    | Killed Pargi
  2672 | Sewer    | Reached skill level 9 in Ranged Weapons
  2805 | Sewer    | 2805 ||| UPGRADING to +0 helmet.
  2810 | Sewer    | 2810 ||| READING scroll labelled FIAG QINNA.
  2811 | Sewer    | 2811 ||| READING scroll labelled LACWUUTINI.
  2816 | Sewer    | 2816 ||| READING scroll labelled TOLONA QISIXZYFE.
  2817 | Sewer    | 2817 ||| DRINKING 2 pink potions.
  2818 | Sewer    | 2818 ||| DROPPING potion of magic.
  2831 | D:4      | 2831 ||| PLANNING D:1-11
  2924 | D:4      | Found Eghann's Assorted Antiques.
  2934 | D:4      | 2934 ||| BUYING blackened garnet amulet (100 gold).
  2934 | D:4      | Bought a blackened garnet amulet for 100 gold pieces
  2934 | D:4      | 2934 ||| SHOPLISTING buzzing leather armour (140 gold, have
                  | 138).
  2934 | D:4      | 2934 ||| BUYING potion of heal wounds (100 gold).
  2934 | D:4      | Bought a potion of heal wounds for 100 gold pieces
  3041 | D:4      | Found Itwac's Armour Shop.
  3042 | D:4      | Noticed Eustachio
  3046 | D:4      | Noticed an ogre
  3054 | D:4      | Killed an ogre
  3055 | D:4      | Reached XP level 6. HP: 30/36 MP: 8/8
  3056 | D:4      | 3056 ||| FLEEEEING.
  3057 | D:4      | 3057 ||| FLEEEEING.
  3058 | D:4      | 3058 ||| FLEEEEING.
  3059 | D:4      | 3059 ||| FLEEEEING.
  3060 | D:4      | 3060 ||| FLEEEEING.
  3061 | D:4      | 3061 ||| FLEEEEING.
  3062 | D:4      | 3062 ||| FLEEEEING.
  3063 | D:4      | 3063 ||| FLEEEEING.
  3064 | D:4      | 3064 ||| FLEEEEING.
  3075 | D:4      | HP: 6/36 [Eustachio/+0 falchion (4)]
  3076 | D:4      | 3076 ||| DRINKING potion of heal wounds.
  3082 | D:4      | HP: 8/36 [iron imp[Eustachio] (6)]
  3083 | D:4      | Killed Eustachio
  3084 | D:4      | Reached skill level 10 in Ranged Weapons
  3113 | D:4      | 3113 ||| FLEEEEING.
  3114 | D:4      | 3114 ||| FLEEEEING.
  3115 | D:4      | 3115 ||| FLEEEEING.
  3116 | D:4      | 3116 ||| FLEEEEING.
  3117 | D:4      | 3117 ||| FLEEEEING.
  3118 | D:4      | 3118 ||| FLEEEEING.
  3119 | D:4      | 3119 ||| FLEEEEING.
  3120 | D:4      | 3120 ||| FLEEEEING.
  3121 | D:4      | 3121 ||| FLEEEEING.
  3122 | D:4      | 3122 ||| FLEEEEING.
  3123 | D:4      | 3123 ||| FLEEEEING.
  3124 | D:4      | 3124 ||| FLEEEEING.
  3125 | D:4      | 3125 ||| FLEEEEING.
  3126 | D:4      | 3126 ||| FLEEEEING.
  3127 | D:4      | 3127 ||| FLEEEEING.
  3128 | D:4      | 3128 ||| FLEEEEING.
  3129 | D:4      | 3129 ||| FLEEEEING.
  3130 | D:4      | 3130 ||| STAIRDANCE
  3190 | D:3      | 3190 ||| UPGRADING to amulet of guardian spirit.
  3195 | D:3      | 3195 ||| READING scroll labelled ZUYRCH FOGEJ GIO.
  3196 | D:3      | 3196 ||| READING scroll labelled YLIGOE JUPAJUMIY.
  3297 | D:3      | 3297 ||| DRINKING 2 orange potions.
  3298 | D:3      | 3298 ||| DROPPING potion of degeneration.
  3334 | D:4      | 3334 ||| SHOPLISTING +1 cloak of willpower (165 gold, have
                  | 56).
  3334 | D:4      | 3334 ||| SHOPLISTING +3 leather armour of cold resistance
                  | (240 gold, have 56).
  3334 | D:4      | 3334 ||| SHOPLISTING +6 scale mail "Oboytzuc" {rF+ Int+3
                  | Dex+3 Slay-6} (354 gold, have 56).
  3352 | D:4      | Found Raud's Armour Boutique.
  3363 | D:4      | 3363 ||| SHOPLISTING +2 leather armour "Biunics" {*Corrode
                  | rPois rF+ rC++} (505 gold, have 56).
  3444 | D:4      | Found Tifom's Book Emporium.
  3471 | D:4      | 3471 ||| DRINKING 2 murky inky potions.
  3472 | D:4      | 3472 ||| DRINKING 2 sedimented amethyst potions.
  3473 | D:4      | 3473 ||| DRINKING 2 potions of curing.
  3473 | D:4      | 3473 ||| (to cure confusion)
  3474 | D:4      | 3474 ||| DROPPING potion of ambrosia.
  3502 | D:5      | Entered Level 5 of the Dungeon
  3532 | D:5      | Reached skill level 1 in Armour
  3532 | D:5      | Reached XP level 7. HP: 22/40 MP: 7/9
  3656 | D:5      | HP: 2/37 [wight/+3 scimitar (8)]
  3656 | D:5      | Slain by a wight

Levels and vault maps discovered:
D:1:      dpeg_arrival_shrine, layout_basic,
          hellmonk_ecumenical_altar_watching_god, minmay_indecisive_spiral
D:2:      layout_rooms, serial_corexii_hall, corexii_hall_statues_i,
          corexii_hall_statues_l, serial_bayou_pond_c, minmay_crystal_water
D:3:      minmay_razor_zed, layout_basic, kennysheep_generic_room_5
D:4:      layout_rooms, portal_sewer_entry_f, serial_shops,
          nicolae_shop_competitors_out_of_business, shop, shop, shop,
          uniq_eustachio
D:5:      layout_basic, vehumet_statue, minmay_temple_entry_drinking_statues,
          serial_shops, nicolae_shop_getting_attention

Skill      XL: |  1  2  3  4  5  6 |
---------------+-------------------+-----
Ranged Weapons | 6 7 8 9 10 | 10.5
Fighting       | 2 |  2.6
Armour         | 1 |  1.2
Dodging        | |  2.4
Stealth        | |  1.2

Action                     |  1- 3 |  4- 6 |  7- 9 || total
---------------------------+-------+-------+-------++-------
   Fire: Shortbow          |   107 |   190 |    12 ||   309
    Use: Scroll            |     6 |     6 |       ||    12
         Potion            |     1 |    11 |       ||    12
 Armour: Leather armour    |     8 |     2 |       ||    10
         Ring mail         |       |    37 |       ||    37
  Dodge: Dodged            |    20 |    78 |     4 ||   102

Table legend:
 A = Non-vault XP
 B = Vault XP
 C = Vault XP percentage of total XP
 D = Non-vault monster count
 E = Vault monster count
 F = Vault count percentage of total count
                 A         B        C        D         E       F
            +---------+---------+-------+---------+---------+-------
      Total |     466 |     381 |  45.0 |      60 |      24 |  28.6
            +---------+---------+-------+---------+---------+-------
        D:1 |      38 |       8 |  17.4 |      22 |       4 |  15.4
        D:2 |      63 |       0 |   0.0 |      17 |       0 |   0.0
        D:3 |      73 |      31 |  29.8 |       9 |      11 |  55.0
        D:4 |     146 |     211 |  59.1 |      10 |       5 |  33.3
        D:5 |     146 |       0 |   0.0 |       2 |       0 |   0.0
      Sewer |       0 |     131 | 100.0 |       0 |       4 | 100.0
            +---------+---------+-------+---------+---------+-------
